 Dungeon Crawl Stone Soup version 0.27.1-16-g815e20cd7a (webtiles) character file.

Game seed: 1835850690950592671

389 MajorAdolf the Sneak (level 6, -2/56 HPs)
             Began as a Naga Wanderer on Nov 22, 2021.
             Slain by an iguana (13 damage)
             ... on level 4 of the Dungeon.
             The game lasted 00:11:42 (6475 turns).

MajorAdolf the Sneak (Naga Wanderer)                Turns: 6475, Time: 00:11:43

Health: -2/56      AC:  4    Str: 14    XL:     6   Next: 79%
Magic:  12/12      EV: 24    Int: 16    God:
Gold:   202        SH:  0    Dex:  9    Spells: 11/14 levels left

rFire    . . .     SeeInvis +   p - +2 dagger (venom)
rCold    . . .     Faith    .   (no shield)
rNeg     . . .     Spirit   .   b - +0 robe
rPois    +         Reflect  .   o - +0 helmet
rElec    .         Harm     .   (no cloak)
rCorr    +         Rampage  .   (no gloves)
Will     .....                  (no barding)
Stlth    +++.......             f - amulet of the acrobat
HPRegen  0.18/turn              j - ring of resist corrosion
MPRegen  0.13/turn              (no ring)

@: acrobatic, very slow
A: AC +2, large, see invisible, deformed body, poison resistance, slowness 2,
spit poison 1, naga tail 1
a: Spit Poison


You were on level 4 of the Dungeon.
You visited 1 branch of the dungeon, and saw 4 of its levels.

You collected 202 gold pieces.

Inventory:

Hand Weapons
 a - a +0 club
 c - a +0 dagger
 h - a +0 dagger
 p - a +2 dagger of venom (weapon)
Armour
 b - a +0 robe (worn)
 o - a +0 helmet (worn)
Jewellery
 f - an amulet of the acrobat (around neck)
 g - an amulet of faith
 j - a ring of resist corrosion (left hand)
Scrolls
 i - a scroll of blinking {unknown}
 k - 5 scrolls of identify {unknown}
 l - 3 scrolls of teleportation {unknown}
 n - a scroll of fog {unknown}
 q - a scroll of torment {unknown}
Potions
 d - 6 potions of curing {unknown}
 e - a potion of degeneration {unknown}
 m - a potion of lignification {unknown}


   Skills:
 + Level 3.0 Fighting
 + Level 0.5 Short Blades
 - Level 1.0 Polearms
 - Level 1.0 Dodging
 + Level 6.6 Stealth
 + Level 4.6 Spellcasting
 + Level 2.0 Conjurations
 - Level 1.0 Transmutations
 + Level 2.0 Air Magic
 + Level 2.8 Poison Magic


You had 11 spell levels left.
You knew the following spells:

 Your Spells              Type           Power      Damage    Failure   Level
a - Mephitic Cloud        Conj/Pois/Air  11%        N/A       19%         3

Your spell library contained the following spells:

 Spells                   Type           Power      Damage    Failure   Level
 Magic Dart               Conj           40%        1d5       7%          1
 Sting                    Tmut/Pois      36%        1d4       7%          1
 Spider Form              Tmut/Pois      4%         N/A       22%         3
 Blink                    Tloc           N/A        N/A       24%         2
 Call Imp                 Summ           3%         N/A       24%         2
 Slow                     Hex            3%         N/A       24%         2
 Conjure Flame            Conj/Fire      6%         6-21      30%         3


Dungeon Overview and Level Annotations

Branches:
Dungeon (4/15)
 Temple: D:4-7

Altars:
Hepliaklqana

Shops:
D:3 *


Innate Abilities, Weirdness & Mutations

Your serpentine skin is tough. (AC +2)
You have supernaturally acute eyesight. (SInv)
Armour fits poorly on your strangely shaped body.
Your system is resistant to poisons. (rPois)
You cover ground very slowly.
You can spit poison.
You have a snake-like lower body.


Message History

No target in view!
You see here a worm corpse.
You start resting.
HP restored.
You open the door.
Found a stone staircase leading down.
There is an open door here.
There is an open door here.
You open the door.
An iguana comes into view.
Found a short sword.
An iguana is nearby!
An iguana is nearby!
A hobgoblin comes into view.
There is an open door here.
The iguana hisses angrily.
You see here a +0 short sword.
The iguana bites you!
You hit the iguana but do no damage.
The iguana is poisoned.
The iguana bites you.
You hit the iguana but do no damage.
The iguana is lightly wounded.
The iguana bites you!
You barely miss the iguana.
The iguana is lightly wounded.
The iguana closely misses you.
You hit the iguana but do no damage.
The iguana is lightly wounded.
The iguana bites you!
You are too injured to fight recklessly!
Press: ? - help, Shift-Dir - straight line, f - iguana
Aim: an iguana (moderately wounded, very poisoned)
The splash of poison hits the iguana but does no damage.
The iguana looks even sicker.
The iguana is moderately wounded.
The iguana bites you!
* * * LOW HITPOINT WARNING * * *
You have got your breath back.
The iguana bites you!
You die...

# #....# # #....# #....# #
#....# #g...# # #....# #....
# #....# #.... # #....# ...
####....# #.# ########
........#######.#####......#
........#......l@...#......#
........#......)#...#......#
........#.......#...#......#
#'##....#.......#...#......#
#..#....#.......#>..#......#
#..#....###########'#......#
+..#..).).....<†......######
#..#..................#
####..................#


You could see an iguana (very poisoned) and a hobgoblin (asleep).

Vanquished Creatures
  2 ogres (D:4)
  An iguana (D:4)
  An orc wizard (D:3)
  Robin (D:3)
  5 adders
  An adder skeleton (D:4)
  2 worms (D:4)
  2 dart slugs
  5 orcs
  6 ball pythons
  14 bats
  5 endoplasms
  4 giant cockroaches
  14 goblins
  13 hobgoblins
  7 jackals
  2 quokkas
  4 frilled lizards
  7 kobolds
  2 rats
98 creatures vanquished.

Notes
Turn   | Place    | Note
-------+----------+-------------------------------------------
     0 | D:1      | MajorAdolf the Naga Wanderer began the quest for the Orb.
     0 | D:1      | MajorAdolf set off with the following items: a +0 club, a
                  | +0 robe, a +0 dagger; and the following spells available to
                  | memorise: Sting, Magic Dart, Blink, Call Imp, Slow, Spider
                  | Form, Conjure Flame, Mephitic Cloud
     0 | D:1      | Reached XP level 1. HP: 15/15 MP: 5/5
   345 | D:1      | Reached skill level 1 in Fighting
   345 | D:1      | Reached XP level 2. HP: 25/25 MP: 7/7
   356 | D:1      | Reached skill level 5 in Stealth
   380 | D:1      | Found a faded altar of an unknown god.
  1528 | D:2      | Reached XP level 3. HP: 31/31 MP: 8/8
  1660 | D:2      | Learned a level 3 spell: Mephitic Cloud
  2581 | D:2      | Found a hazy altar of Hepliaklqana.
  3004 | D:2      | Reached XP level 4. HP: 39/39 MP: 10/10
  3160 | D:3      | Reached skill level 1 in Poison Magic
  3375 | D:3      | Found Ahogh's General Store.
  4257 | D:3      | Reached skill level 1 in Conjurations
  4257 | D:3      | Reached skill level 1 in Air Magic
  4257 | D:3      | Reached XP level 5. HP: 32/45 MP: 11/11
  4498 | D:3      | Reached skill level 6 in Stealth
  4794 | D:4      | Noticed an ogre
  4812 | D:4      | Killed an ogre
  4813 | D:4      | Reached XP level 6. HP: 28/55 MP: 12/12
  5411 | D:4      | Noticed Robin
  5684 | D:3      | Killed Robin
  6475 | D:4      | Slain by an iguana

Illustrated notes

Levels and vault maps discovered:
D:1:      lightli_arrival_isolated_outpost, layout_basic,
          shapermc_ecumenical_altar_mp_ritualfount
D:2:      layout_basic, basic_altar
D:3:      layout_basic, serial_shops, nicolae_lakefront_shop
D:4:      layout_gridville, uniq_robin

Skill      XL: |  1  2  3  4  5  6 |
---------------+-------------------+-----
Fighting       | 1 2 3 |  3.0
Stealth        | 5 6 |  6.6
Poison Magic   | 1 2 |  2.8
Conjurations   | 1 2 |  2.0
Air Magic      | 1 2 |  2.0
Short Blades   | |  0.5
Polearms       | |  1.0
Dodging        | |  1.0
Spellcasting   | |  4.6
Transmutations | |  1.0

Action                   |  1- 3 |  4- 6 || total
-------------------------+-------+-------++-------
Melee: Club              |     7 |       ||     7
       Dagger            |    58 |   110 ||   168
 Cast: Mephitic Cloud    |       |     1 ||     1
 Abil: Spit Poison       |    55 |    71 ||   126
 Stab: Sleeping          |       |     1 ||     1
Armor: Robe              |    21 |    33 ||    54
Dodge: Dodged            |    72 |    96 ||   168
